Map: Frost LE

Players

llllllllllll - Winner!

  • Race: Protoss Protoss
  • League: Grandmaster

Ethion

  • Race: Zerg Zerg
  • League: Master

VOD

Have the link to the VOD?

Description

Time

  • Played on: Aug. 31, 2016, 1:20 p.m.
  • Length: 6:19
Show
View Real Time Build Order
Export as new Build Order

llllllllllll Protoss - Winner!

Build Orders: 1 Gate Expand 

Get SALT Encoding   

  12  0:03  Probe (Chrono Boost)  
  13  0:13  Probe (Chrono Boost)  
  14  0:21  Pylon  
  14  0:24  Probe (Chrono Boost)  
  15  0:40  Probe (Chrono Boost)  
  15  0:41  Gateway  
  16  0:49  Assimilator  
  16  0:50  Probe (Chrono Boost)  
  17  1:01  Probe (Chrono Boost)  
  19  1:11  Probe (Chrono Boost)  
  19  1:22  Probe (Chrono Boost)  
  19  1:25  Nexus  
  20  1:32  Probe (Chrono Boost)  
  21  1:38  Cybernetics Core  
  21  1:43  Probe (Chrono Boost)  
  21  1:46  Assimilator  
  23  1:54  Probe (Chrono Boost)  
  22  2:25  Pylon  
  24  2:38  Probe (Chrono Boost)  
  24  2:40  Mothership Core (Chrono Boost)  
  25  2:48  Probe (Chrono Boost)  
  26  2:53  Adept  
  29  2:59  Probe x2 (Chrono Boost)  
  30  3:09  Probe (Chrono Boost)  
  30  3:10  Warp Gate  
  30  3:11  Probe (Chrono Boost)  
  32  3:15  Pylon  
  32  3:20  Probe (Chrono Boost)  
  32  3:22  Probe (Chrono Boost)  
  34  3:28  Adept  
  34  3:30  Probe (Chrono Boost)  
  34  3:33  Probe (Chrono Boost)  
  39  3:41  Probe (Chrono Boost)  
  39  3:43  Probe (Chrono Boost)  
  39  3:46  Twilight Council  
  40  3:53  Probe (Chrono Boost)  
  40  3:54  Probe (Chrono Boost)  
  42  3:56  Adept  
  42  4:00  Gateway  
  42  4:01  Gateway  
  44  4:04  Probe (Chrono Boost)  
  44  4:05  Probe (Chrono Boost)  
  44  4:07  Pylon  
  46  4:13  Pylon  
  46  4:16  Resonating Glaives  
  46  4:19  Assimilator  
  46  4:21  Assimilator  
  46  4:26  Adept, Probe x2 (Chrono Boost)  
  52  4:39  Probe x2 (Chrono Boost)  
  52  4:43  Pylon  
  52  4:51  Probe x2 (Chrono Boost)  
  54  4:53  Pylon  
  54  4:59  Nexus  
  54  5:03  Dark Shrine  
  54  5:11  Robotics Facility  
  54  5:17  Adept x2  
  54  5:18  Adept  
  60  5:25  Probe x2 (Chrono Boost)  
  61  5:40  Adept x3  
  61  5:42  Probe x2 (Chrono Boost)  
  64  5:54  Probe x2 (Chrono Boost)  
  63  6:02  Adept x3  
  63  6:05  Probe x2 (Chrono Boost)  
Show
View Real Time Build Order
Export as new Build Order

Ethion Zerg 

Build Orders: Pool First 

Get SALT Encoding   

  12  0:18  Spawning Pool  
  11  0:22  Drone  
  12  0:29  Drone  
  12  0:32  Drone  
  14  0:41  Overlord  
  14  1:05  Zergling x4  
  14  1:06  Zergling x2  
  17  1:12  Queen  
  17  1:17  Zergling x2  
  20  1:30  Zergling x2  
  21  1:44  Drone  
  22  1:47  Extractor  
  22  1:48  Hatchery  
  22  1:51  Drone  
  21  2:03  Drone  
  19  2:18  Drone  
  19  2:22  Drone x2  
  21  2:23  Drone  
  22  2:33  Overlord  
  21  2:51  Drone x2  
  21  2:56  Hatchery  
  22  3:01  Drone x2  
  22  3:02  Drone  
  25  3:07  Drone  
  25  3:11  Drone  
  27  3:17  Drone x2  
  29  3:24  Metabolic Boost  
  29  3:25  Drone  
  30  3:29  Drone  
  30  3:33  Zergling x4  
  33  3:34  Zergling x2  
  33  3:36  Zergling x2  
  35  3:44  Overlord  
  35  3:48  Zergling x2  
  36  3:53  Overlord  
  36  4:01  Overlord  
  36  4:02  Queen  
  36  4:06  Overlord x2  
  38  4:10  Pneumatized Carapace  
  38  4:16  Zergling x4, Evolution Chamber  
  39  4:21  Zergling x2  
  39  4:22  Zergling x4  
  42  4:26  Zergling x2  
  42  4:27  Zergling x2  
  42  4:30  Zergling x2  
  42  4:31  Zergling x2  
  45  4:37  Zergling x6  
  47  4:39  Zergling x2  
  47  4:43  Zergling x2  
  47  4:44  Zergling x2  
  48  5:00  Zergling x8  
  48  5:03  Zergling x2  
  52  5:11  Zergling x6  
  52  5:12  Zergling x4  
  57  5:25  Zergling x2  
  57  5:26  Zergling x6  
  57  5:30  Overlord  
  56  5:36  Zergling x16  
  60  5:49  Zergling x2  
  57  5:50  Zergling x4  
  57  5:56  Overlord  
  56  6:00  Zergling x4  
Tags
 
Add a new tag
Caveats
  • Supply blocks, unpowered buildings, or Contaminate may cause inaccurate times.
  • Supply counts are checked every 10 seconds.